AoeStats
← MeisolMLG

Black Forest

508722748Analyzed
3v3 RM · 7d ago on Sep 23, 2026· 96m 54s· 6 players
Game mode
Random Map
Map size
Normal (6 player)
Population
200
Speed
Normal
Resources
Standard
Victory
Conquest
Starting age
Dark Age
Ending age
Imperial Age
RankedLock teamsTeams togetherTeam positionsShared explorationLock speedFull tech treeHidden civsTurbo modeCheats
Victory
Defeat
🇨🇴 Bohemians · Colombia
762
+13
🇪🇨 Tatars · Ecuador
670
+17
🇫🇷 Franks · France
639
+19
🇩🇪 Persians · Germany
707
-17
🇩🇪 Italians · Germany
706
-17
🇩🇪 Franks · Germany
672
-15
HALOF
14:37 Feudal Age
19:22 Double-Bit Axe
21:43 Castle Age
20:35 Forging
23:12 Bow Saw
23:15 Gold Mining
25:01 Gold Shaft Mining
25:46 Wheelbarrow
26:24 Scale Barding Armor
27:03 Stone Mining
31:26 Hand Cart
32:25 Iron Casting
37:11 Imperial Age
35:33 Chain Barding Armor
36:49 Loom
37:30 Cavalier
39:30 Blast Furnace
40:07 Elite Throwing Axeman
42:30 Paladin
44:49 Caravan
45:34 Plate Barding Armor
48:59 Chivalry
52:13 Onager
56:58 Ordonnance Companies
59:39 Husbandry
66:21 Pikeman
79:57 Halberdier
MeisolMLG
0:27 Loom
12:20 Feudal Age
13:27 Double-Bit Axe
13:23 Horse Collar
15:28 Wheelbarrow
22:38 Castle Age
21:30 Fletching
21:40 Padded Archer Armor
23:24 Heavy Plow
23:35 Bow Saw
24:00 Bodkin Arrow
24:20 Leather Archer Armor
26:13 Caravan
30:00 Chemistry
31:45 Imperial Age
31:46 Masonry
31:32 Murder Holes
31:48 Fortified Wall
32:30 Hand Cart
31:50 Pikeman
32:32 Squires
32:18 Arson
33:35 Halberdier
35:43 Hussite Reforms
35:45 Wagenburg Tactics
37:09 Forging
36:59 Scale Mail Armor
37:28 Town Watch
40:23 Houfnice
41:23 Town Patrol
40:48 Man-at-Arms
42:13 Arrowslits
43:00 Architecture
42:42 Long Swordsman
43:39 Bracer
44:09 Ring Archer Armor
44:14 Iron Casting
43:40 Scale Mail Armor
45:03 Siege Engineers
45:20 Ballistics
48:36 Blast Furnace
47:51 Chain Mail Armor
47:42 Scale Barding Armor
50:48 Elite Hussite Wagon
51:23 Sappers
52:13 Conscription
66:06 Plate Mail Armor
68:52 Onager
92:27 Heavy Scorpion
Hunkter
0:29 Loom
12:13 Feudal Age
13:02 Double-Bit Axe
15:58 Wheelbarrow
18:04 Horse Collar
19:24 Gold Mining
24:01 Castle Age
26:07 Gold Shaft Mining
26:42 Heavy Plow
26:57 Bow Saw
27:55 Hand Cart
28:06 Forging
28:05 Scale Barding Armor
29:08 Caravan
31:45 Ballistics
31:23 Murder Holes
32:09 Bloodlines
32:02 Husbandry
32:04 Pikeman
33:25 Iron Casting
33:12 Chain Barding Armor
32:52 Stone Mining
33:33 Squires
33:20 Arson
34:35 Scale Mail Armor
41:39 Imperial Age
43:24 Chemistry
43:18 Conscription
42:21 Elite Keshik
45:33 Elite Steppe Lancer
45:38 Light Cavalry
48:36 Blast Furnace
48:13 Plate Barding Armor
49:58 Crop Rotation
51:03 Halberdier
59:43 Man-at-Arms
60:42 Timurid Siegecraft
61:47 Long Swordsman
65:36 Two-Handed Swordsman
69:46 Bombard Tower
72:44 Fortified Wall
oemerayan
0:57 Loom
13:12 Feudal Age
22:17 Castle Age
21:21 Horse Collar
23:12 Heavy Plow
22:59 Double-Bit Axe
33:41 Bow Saw
36:16 Imperial Age
34:49 Wheelbarrow
33:59 Town Watch
33:52 Elite Skirmisher
34:38 Thumb Ring
34:41 Padded Archer Armor
34:32 Fletching
34:53 Forging
34:43 Scale Mail Armor
34:49 Scale Barding Armor
34:49 Caravan
35:51 Hand Cart
35:53 Husbandry
36:03 Bloodlines
35:14 Light Cavalry
36:36 Gold Mining
37:49 Conscription
38:40 Chemistry
38:01 Ballistics
37:52 Fortified Wall
37:38 Murder Holes
39:24 Leather Archer Armor
39:04 Bodkin Arrow
41:09 Ring Archer Armor
40:41 Bracer
41:16 Iron Casting
40:57 Chain Mail Armor
46:41 Hussar
51:24 Chain Barding Armor
51:34 Plate Mail Armor
52:05 Blast Furnace
51:43 Elite Genoese Crossbowman
59:13 Plate Barding Armor
Cebel-i Kebir
11:09 Feudal Age
13:29 Gold Mining
15:25 Double-Bit Axe
22:33 Castle Age
21:15 Stone Mining
24:57 Bow Saw
25:26 Gold Shaft Mining
36:07 Imperial Age
35:15 Loom
36:06 Wheelbarrow
35:19 Town Watch
35:21 Pikeman
36:01 Squires
36:42 Caravan
37:12 Coinage
37:04 Town Patrol
37:10 Cavalier
38:42 Husbandry
38:11 Halberdier
39:15 Scale Barding Armor
39:10 Scale Mail Armor
39:11 Padded Archer Armor
39:21 Forging
40:15 Chemistry
39:36 Ballistics
39:16 Murder Holes
39:04 Paladin
41:43 Banking
42:48 Chivalry
43:08 Conscription
43:34 Hand Cart
43:44 Chain Barding Armor
43:40 Chain Mail Armor
43:40 Leather Archer Armor
43:15 Fletching
44:01 Iron Casting
43:09 Treadmill Crane
43:40 Masonry
44:11 Siege Engineers
43:59 Elite Throwing Axeman
44:00 Ordonnance Companies
45:16 Hoardings
49:25 Plate Barding Armor
49:20 Plate Mail Armor
49:51 Blast Furnace
48:46 Bodkin Arrow
49:24 Architecture
49:05 Fortified Wall
52:05 Elite Skirmisher
58:33 Cranequins
58:34 Heavy Mounted Crossbowman
59:56 Onager
73:24 Gambesons
73:25 Arson
sulox32
0:46 Loom
10:38 Feudal Age
11:22 Town Watch
18:26 Double-Bit Axe
21:35 Castle Age
20:17 Gold Mining
20:18 Stone Mining
20:55 Horse Collar
21:43 Arson
22:07 Scale Mail Armor
23:41 Heavy Plow
26:53 Squires
27:33 Town Patrol
28:59 Pikeman
30:22 Bow Saw
36:17 Imperial Age
35:09 Gold Shaft Mining
35:10 Stone Shaft Mining
36:33 Ballistics
38:06 Chemistry
39:13 Kamandaran
39:38 Thumb Ring
38:56 Crossbowman
40:26 Crop Rotation
41:13 Two-Man Saw
43:12 Padded Archer Armor
43:27 Chain Mail Armor
43:03 Fletching
43:24 Forging
43:28 Masonry
44:22 Elite War Elephant
45:15 Citadels
49:53 Leather Archer Armor
49:34 Bodkin Arrow
49:30 Halberdier
58:38 Onager
83:38 Caravan
Connection lost

Rejoining the realm…

Still unreachable

The connection could not be restored.

Session expired

The server has moved on; the page needs a fresh start.